 Dungeon Crawl Stone Soup version 0.20-a0-681-gf83e07f (webtiles) character file.

123 tbh1313 the Conjurer (level 4, -4/24 HPs)
             Began as a Deep Elf Conjurer on Feb 19, 2017.
             Killed from afar by tbh1313's ghost (16 damage)
             ... with an orb of energy
             ... on level 3 of the Dungeon.
             The game lasted 00:07:57 (2808 turns).

tbh1313 the Conjurer (Deep Elf Conjurer)            Turns: 2808, Time: 00:07:58

Health: -4/24      AC:  3    Str:  6    XL:     4   Next: 80%
Magic:  0/10       EV: 13    Int: 20    God:
Gold:   178        SH:  0    Dex: 15    Spells: 1/9 levels left

rFire    . . .     SeeInvis .   f - +0 dagger
rCold    . . .     Gourm    .   a - +0 robe
rNeg     . . .     Faith    .   (no shield)
rPois    .         Spirit   .   (no helmet)
rElec    .         Reflect  .   (no cloak)
rCorr    +         Harm     .   r - +0 pair of gloves
MR       .....                  (no boots)
Stlth    ++........             (no amulet)
Regen    0.1/turn               q - ring of wizardry
MPRegen  0.2/turn               g - ring of resist corrosion

@: no status effects
A: no striking features
a: no special abilities


You were on level 3 of the Dungeon.
You were not hungry.

You visited 1 branch of the dungeon, and saw 3 of its levels.

You collected 178 gold pieces.


   Skills:
 - Level 2.4 Dodging
 - Level 2.4 Stealth
 + Level 3.1 Spellcasting
 - Level 6.7 Conjurations


You had one spell level left.
You knew the following spells:

 Your Spells              Type           Power        Failure   Level  Hunger
a - Magic Dart            Conj           ####         1%          1    None
b - Dazzling Spray        Conj/Hex       ###...       4%          3    ###....
c - Iskenderun's Mystic   Conj           ####....     4%          4    ####...


Dungeon Overview and Level Annotations

Branches:
Dungeon (3/15)

Altars:
Qazlal
The Shining One

Annotations:
D:3 tbh1313's ghost, amateur DECj

Inventory:

Hand Weapons
 f - a +0 dagger (weapon)
 p - a +0 rapier
Armour
 a - a +0 robe (worn)
 r - a +0 pair of gloves (worn)
Jewellery
 g - a ring of resist corrosion (left hand)
 q - a ring of wizardry (right hand)
Scrolls
 o - 2 scrolls of remove curse
Potions
 e - a potion of ambrosia {unknown}
 h - 2 potions of agility {unknown}
 i - a potion of haste {unknown}
 j - a potion of heal wounds
 l - 2 potions of flight {unknown}
 m - 2 potions of curing {unknown}
 s - a potion of berserk rage {unknown}
Books
 b - a book of Conjurations
 n - a book of Cantrips
Comestibles
 c - 4 bread rations
 d - a meat ration
 k - 4 fruits

#### ##.. ..# #... ..#
#.## # ####.# #.## #.
#...)# #.## #.##.##W#
####... #>....).# #.....#
#.......# ###.....#
####.##@# #.......#
#.##..........#.....#
######.#############.....#
#.......>.##......##.#...#
#.#######.##......##.##...
#.# #.##......##.#.... #.#
#.##.............. #.#
#.##......#.##.... #.#
#.##......#.###...


You could see tbh1313's ghost.


Message History

The magic dart hits the orc.
You kill the orc!
Found a stone staircase leading down.
An orc comes into view. It is wielding a flail.
The orc shouts!
Things that are here:
a short sword; an orc corpse You butcher the orc corpse.
Tbh1313's ghost (amateur Deep Elf Conjurer) comes into view.
Things that are here:
a short sword; 4 chunks of flesh You hit the orc.
The orc is moderately wounded.
Tbh1313's ghost casts a spell at you.
The orb of energy hits the orc.
The orc dies!
Things that are here:
a short sword; 4 chunks of flesh Eat one of 4 chunks of flesh? (ye/n/q)
You eat one of the 4 chunks of flesh.
This raw flesh tastes terrible.
You are feeling hungry.
Eat one of 3 chunks of flesh? (ye/n/q)
You eat one of the 3 chunks of flesh.
This raw flesh tastes terrible.
Okay, then.
Casting: Magic Dart
Confirm with . or Enter, or press ? or * to list all spells.
Aiming: Dazzling Spray
Press: ? - help, Shift-Dir - straight line, f - tbh1313's ghost
Aim: tbh1313's ghost The spray of energy hits tbh1313's ghost.
Tbh1313's ghost is lightly damaged.
Tbh1313's ghost barely misses you.
Casting: Dazzling Spray
Confirm with . or Enter, or press ? or * to list all spells.
Aiming: Iskenderun's Mystic Blast
Press: ? - help, Shift-Dir - straight line, f/p - tbh1313's ghost
Aim: tbh1313's ghost (lightly damaged)
The orb of energy hits tbh1313's ghost.
Tbh1313's ghost is heavily damaged.
The orb of energy explodes!
Tbh1313's ghost gestures at you while chanting.
The orb of energy hits you!
Ouch! That really hurt!
* * * LOW HITPOINT WARNING * * *
The orb of energy explodes!
You feel much better. Tbh1313's ghost closely misses you.
You hit tbh1313's ghost.
Tbh1313's ghost is heavily damaged.
Tbh1313's ghost closely misses you.
You hit tbh1313's ghost but do no damage.
Tbh1313's ghost is heavily damaged.
Tbh1313's ghost barely misses you.
You hit tbh1313's ghost but do no damage.
Tbh1313's ghost is heavily damaged.
Tbh1313's ghost hits you but does no damage.
Casting: Iskenderun's Mystic Blast
Confirm with . or Enter, or press ? or * to list all spells.
Aiming: Magic Dart
Press: ? - help, Shift-Dir - straight line, f/p - tbh1313's ghost
Aim: tbh1313's ghost (heavily damaged)
The magic dart hits tbh1313's ghost.
Tbh1313's ghost is severely damaged.
Tbh1313's ghost barely misses you. Tbh1313's ghost casts a spell at you.
The magic dart hits you!
* * * LOW HITPOINT WARNING * * *
Tbh1313's ghost casts a spell at you. The orb of energy hits you!
Ouch! That really hurt!
You die...

Vault maps used:
D:1:      tarquinn_simple_flora_water_a
D:2:      gammafunk_temple_overflow_statue, corexii_hall_statues_x

Notes
Turn   | Place    | Note
-------+----------+-------------------------------------------
     0 | D:1      | tbh1313 the Deep Elf Conjurer began the quest for the Orb.
     0 | D:1      | Reached XP level 1. HP: 10/10 MP: 6/6
   198 | D:1      | Reached XP level 2. HP: 15/15 MP: 4/8
   237 | D:1      | Reached skill level 5 in Conjurations
   781 | D:1      | Reached XP level 3. HP: 19/19 MP: 7/9
  1244 | D:2      | Learned a level 3 spell: Dazzling Spray
  1253 | D:2      | Reached skill level 6 in Conjurations
  1500 | D:2      | Found a stormy altar of Qazlal.
  1500 | D:2      | Found a glowing golden altar of the Shining One.
  1628 | D:2      | Reached XP level 4. HP: 24/24 MP: 6/10
  1634 | D:2      | Learned a level 4 spell: Iskenderun's Mystic Blast
  2126 | D:2      | HP: 6/24 [poisoned by an adder]
  2795 | D:3      | Noticed tbh1313's ghost (amateur DECj)
  2801 | D:3      | HP: 3/24 [tbh1313's ghost/orb of energy (21)]
  2808 | D:3      | Killed from afar by tbh1313's ghost

Vanquished Creatures
  A gnoll (D:1)
  3 adders
  2 oozes
  A worm (D:2)
  3 dart slugs
  4 leopard geckos
  2 orcs (D:3)
  12 bats
  6 giant cockroaches
  3 goblins
  4 hobgoblins
  2 quokkas (D:2)
  A ball python (D:2)
  4 frilled lizards
  7 kobolds
  12 rats
67 creatures vanquished.

Vanquished Creatures (others)
  An orc (D:3)
1 creature vanquished.

Grand Total: 68 creatures vanquished

Action                   |  1- 3 |  4- 6 || total
-------------------------+-------+-------++-------
Melee: Unarmed           |     3 |       ||     3
       Dagger            |    40 |    15 ||    55
 Cast: Magic Dart        |    66 |    52 ||   118
       Iskenderun's Myst |       |     1 ||     1
       Dazzling Spray    |       |     1 ||     1
  Use: Scroll            |     3 |     2 ||     5
       Potion            |       |     1 ||     1
 Stab: Sleeping          |     1 |     2 ||     3
  Eat: Chunk             |     2 |     4 ||     6
Armor: Robe              |    21 |     4 ||    25
Dodge: Dodged            |    59 |    17 ||    76
